 Dungeon Crawl Stone Soup version 0.26-a0-651-gb41185065b (webtiles) character file.

Game seed: 13130571384210260172

193 Lanoc the Twirler (level 5, 0/32 HPs)
             Began as a Gargoyle Gladiator on Oct 19, 2020.
             Killed by divine providence
             ... invoked by an orc priest
              (14 damage)
             ... on level 3 of the Dungeon.
             The game lasted 00:01:13 (795 turns).

Lanoc the Twirler (Gargoyle Gladiator)               Turns: 795, Time: 00:01:13

Health: 0/32       AC:  8    Str: 18    XL:     5   Next: 72%
Magic:  5/5        EV: 13    Int:  8    God:
Gold:   9          SH:  0    Dex: 12    Spells: 4/4 levels left

rFire    . . .     SeeInvis .   a - +0 quarterstaff
rCold    . . .     Faith    .   (shield currently unavailable)
rNeg     + . .     Spirit   .   b - +0 leather armour
rPois    ∞         Reflect  .   c - +0 helmet
rElec    +         Harm     .   (no cloak)
rCorr    .         Rampage  .   (no gloves)
MR       .....                  (no boots)
Stlth    +.........             (no amulet)
HPRegen  0.10/turn              (no ring)
MPRegen  0.09/turn              (no ring)

@: no status effects
A: negative energy resistance 1, electricity resistance, unbreathing,
petrification resistance, rot immunity, AC +4
a: no special abilities


You were on level 3 of the Dungeon.
You visited 1 branch of the dungeon, and saw 3 of its levels.

You collected 9 gold pieces.

Inventory:

Hand Weapons
 a - a +0 quarterstaff (weapon)
Missiles
 j - 2 throwing nets (quivered)
Armour
 b - a +0 leather armour (worn)
 c - a +0 helmet (worn)
Scrolls
 g - a scroll of amnesia {unknown}
 h - a scroll of teleportation {unknown}
Potions
 d - a potion of stabbing {unknown}
 e - a potion of degeneration {unknown}
 f - 2 potions of brilliance {unknown}
 i - a potion of curing {unknown}
 k - a potion of might {unknown}


   Skills:
 + Level 3.6 Fighting
 * Level 4.8 Staves
 - Level 1.7 Throwing
 + Level 3.3 Dodging


You had 4 spell levels left.
You didn't know any spells.
Your spell library was empty.

Dungeon Overview and Level Annotations

Branches:
Dungeon (3/15)

Altars:

Annotations:
D:3 1 runed translucent door, EnegeticOcto's ghost, weakling DDFi


Innate Abilities, Weirdness & Mutations

You are resistant to torment.
Your stone body is resilient. (AC +4)
You are immune to poison.
You resist negative energy. (rN+)
You are resistant to electric shocks. (rElec)
You can survive without breathing.
You are immune to petrification.
You are immune to rotting.


Message History

You hit the orc.
The orc is moderately wounded.
The orc priest mumbles some strange prayers to Beogh against you.
Beogh smites you! The orc hits you but does no damage.
You are too injured to fight recklessly!
You closely miss the orc.
The orc is moderately wounded.
The orc misses you.
You hit the orc.
The orc is severely wounded.
The orc barely misses you.
You closely miss the orc.
The orc is severely wounded.
The orc hits you but does no damage.
You sock the orc!
You kill the orc!
The orc shouts!
The orc wizard shouts!
The orc priest calls down the wrath of Beogh upon you.
Beogh smites you!
You die...

#. #. #. ..######
......####
###############.##......
#..............†.'......
##.#############..#......
................@........
##.###########.##o.#.####
#.# #...†...# # #.#
#PW#..##o### .# #.#
#8(+.. .o ..# #.# #P.#.
#.####o. ##.##### #####
###....r##.# .......#
#.........=. .......#
#.##..#


You could see an orc priest, an orc wizard and an orc.

Vanquished Creatures
  Sigmund (D:2)
  2 adders
  2 leopard geckos (D:3)
  An orc (D:3)
  A giant cockroach (D:2)
  5 goblins
  A hobgoblin (D:3)
  A ball python (D:2)
  2 kobolds
  2 rats
18 creatures vanquished.

Notes
Turn   | Place    | Note
-------+----------+-------------------------------------------
     0 | D:1      | Lanoc the Gargoyle Gladiator began the quest for the Orb.
     0 | D:1      | Reached XP level 1. HP: 12/12 MP: 1/1
   283 | D:3      | Noticed an orc priest
   283 | D:3      | Noticed an orc wizard
   382 | D:2      | Noticed Sigmund
   393 | D:2      | Killed Sigmund
   393 | D:2      | Reached skill level 4 in Staves
   393 | D:2      | Reached XP level 2. HP: 12/19 MP: 2/2
   393 | D:2      | Reached XP level 3. HP: 15/23 MP: 3/3
   393 | D:2      | Reached XP level 4. HP: 18/28 MP: 4/4
   393 | D:2      | Reached XP level 5. HP: 21/32 MP: 5/5
   781 | D:3      | Found a runed translucent door.
   781 | D:3      | Noticed EnegeticOcto's ghost (weakling DDFi)
   795 | D:3      | Killed from afar by an orc priest

Illustrated notes

Levels and vault maps discovered:
D:1:      dpeg_arrival_pond, layout_basic
D:2:      layout_basic, uniq_sigmund, uniq_terence
D:3:      layout_basic, gammafunk_ghost_grave

Skill      XL: |  1 |
---------------+----+-----
Fighting       | 3 |  3.6
Staves         | 4 |  4.8
Dodging        | 3 |  3.3
Throwing       | |  1.7

Action                   |  1- 3 |  4- 6 || total
-------------------------+-------+-------++-------
Melee: Quarterstaff      |    17 |    43 ||    60
Throw: Throwing net      |     3 |       ||     3
Armor: Leather armour    |     5 |    14 ||    19
Dodge: Dodged            |     9 |    25 ||    34

Table legend: (Time is in decaauts)
 A = Elapsed time spent in this place.
 B = Non-inter-level travel time spent in this place.
 C = Inter-level travel time spent in this place.
 D = Time resting spent in this place.
 E = Time spent auto-exploring this place.
 F = Levels seen in this place.
 G = Mean time per level.
                   A        B        C        D        E       F      G
               +--------+--------+--------+--------+--------+-----+--------+
         Total |    800 |    730 |     70 |      0 |    583 |   3 |  266.7 |
       Dungeon |    800 |    730 |     70 |      0 |    583 |   3 |  266.7 |
               +--------+--------+--------+--------+--------+-----+--------+

Top non-repeatable levels by time:
     D:2: 565 daAuts
     D:3: 201 daAuts
     D:1: 33 daAuts
